TOP OF THE 1ST |
Lexington Legends batting - Pitching for Lake County Captains : LHP Victor Garcia
|
Pitching: LHP Victor Garcia
|
|
Batting: RHB Doug Carter
|
0-0: Ball 1-0: Ball 2-0: Ball 3-0: Called Strike 3-1: Swinging Strike 3-2: Foul Ball, location: 2F 3-2: Base on Balls
|
Batting: RHB Kunimatsu Oya
|
0-0: Called Strike 0-1: Ball 1-1: Called Strike 1-2: Strikes out looking
|
Batting: RHB Eric Davis
|
0-0: Called Strike 0-1: Grounds into double play, 4-6-3 (Groundball, 34, EV 76.9 MPH)
|
Top of the 1st over - 0 runs, 0 hits, 0 errors, 0 left on base; Lexington 0 - Lake County 0 |
BOTTOM OF THE 1ST |
Lake County Captains batting - Pitching for Lexington Legends : LHP Brian Carlson
|
Pitching: LHP Brian Carlson
|
|
Batting: SHB Arturo Baez
|
0-0: Ball 1-0: Called Strike 1-1: Foul Ball, location: 2F 1-2: Ball 2-2: Foul Ball, location: 2F 2-2: Foul Ball, location: 2F 2-2: Foul Ball, location: 2F 2-2: Ball 3-2: SOLO HOME RUN (Flyball, 78XD, EV 116.2 MPH), Distance : 444 ft
|
Batting: SHB Travis Burnett
|
0-0: Called Strike 0-1: SOLO HOME RUN (Flyball, 7D, EV 98.8 MPH), Distance : 392 ft
|
Batting: RHB Carlos Abrego
|
0-0: Ball 1-0: Ball 2-0: Ball 3-0: Base on Balls
|
Batting: LHB Costodio Varino
|
0-0: Ball 1-0: Swinging Strike 1-1: 2-RUN HOME RUN (Flyball, 89XD, EV 113.1 MPH), Distance : 425 ft
|
Batting: RHB Steve Gusman
|
0-0: Ball 1-0: SOLO HOME RUN (Flyball, 7D, EV 100.0 MPH), Distance : 392 ft
|
Batting: LHB Nate Trahan
|
0-0: Ball 1-0: SINGLE (Groundball, 6MD, EV 102.5 MPH)
|
Batting: RHB Antonio Gamez
|
0-0: Called Strike 0-1: Ball 1-1: Ball 2-1: Grounds into double play, 4-6-3 (Groundball, 34, EV 110.0 MPH)
|
Batting: RHB Zach Shaughnessy
|
0-0: Ball 1-0: Ball 2-0: Ball 3-0: Called Strike 3-1: Base on Balls
|
Batting: RHB Kenzo Shinoda
|
0-0: Called Strike 0-1: Called Strike 0-2: 2-RUN HOME RUN (Flyball, 7LD, EV 94.4 MPH), Distance : 362 ft
|
Batting: SHB Arturo Baez
|
0-0: Ball 1-0: Ball 2-0: Ball 3-0: Base on Balls
|
Batting: SHB Travis Burnett
|
0-0: Ball 1-0: Ball 2-0: 2-RUN HOME RUN (Flyball, 7D, EV 100.0 MPH), Distance : 393 ft
|
Pitching: RHP Ron Bubar
|
|
Batting: RHB Carlos Abrego
|
0-0: Ball 1-0: Swinging Strike 1-1: DOUBLE (Line Drive, 78D, EV 111.9 MPH)
|
Batting: LHB Costodio Varino
|
0-0: Called Strike 0-1: Ball 1-1: Ball 2-1: Foul Ball, location: 2F 2-2: Ball 3-2: SINGLE (Groundball, 6MD, EV 97.5 MPH) Carlos Abrego to third Runner from 3rd tries for Home, SAFE, throw by CF to home
|
Batting: RHB Steve Gusman
|
0-0: Ball 1-0: Ball 2-0: 2-RUN HOME RUN (Line Drive, 7LD, EV 95.6 MPH), Distance : 370 ft
|
Batting: LHB Nate Trahan
|
0-0: Ball 1-0: Ball 2-0: Foul Ball, location: 2F 2-1: Ball 3-1: Base on Balls
|
Batting: RHB Antonio Gamez
|
0-0: Ball 1-0: Called Strike 1-1: Ball 2-1: Ball 3-1: Base on Balls Nate Trahan to second
|
Pitching: RHP Bryan Alfaro
|
|
Batting: RHB Zach Shaughnessy
|
0-0: Ball 1-0: SINGLE (Groundball, 4MD, EV 98.1 MPH) Nate Trahan to third Antonio Gamez to second Runner from 3rd tries for Home, SAFE, throw by CF to home
|
Batting: RHB Kenzo Shinoda
|
0-0: Reached on error, E5 (Groundball, 56, EV 80.6 MPH) Antonio Gamez to third Zach Shaughnessy to second
|
Batting: SHB Arturo Baez
|
0-0: Ball 1-0: Ball 2-0: Ball 3-0: Base on Balls Antonio Gamez scores Zach Shaughnessy to third Kenzo Shinoda to second
|
Batting: SHB Travis Burnett
|
0-0: Ball 1-0: Ball 2-0: Ball 3-0: Base on Balls Zach Shaughnessy scores Kenzo Shinoda to third Arturo Baez to second
|
Batting: RHB Carlos Abrego
|
0-0: Called Strike 0-1: Ball 1-1: Called Strike 1-2: Foul Ball, location: 2F 1-2: Ball 2-2: Fielders Choice at 2nd, 6-4 (Groundball, 6, EV 81.9 MPH)
|
Bottom of the 1st over - 15 runs, 11 hits, 1 error, 3 left on base; Lexington 0 - Lake County 15 |
TOP OF THE 2ND |
Lexington Legends batting - Pitching for Lake County Captains : LHP Victor Garcia
|
Batting: LHB Robert Wilkins
|
0-0: SINGLE (Line Drive, 34, EV 96.2 MPH)
|
Batting: SHB Dan Langston
|
0-0: Called Strike 0-1: Foul Ball, location: 2F 0-2: Strikes out swinging
|
Batting: RHB Pete Deschamps
|
0-0: Called Strike 0-1: Called Strike 0-2: Strikes out swinging
|
Batting: RHB Ben Garrett
|
0-0: Ball 1-0: Ball 2-0: Ball 3-0: Called Strike 3-1: Ground out 6-3 (Groundball, 6M, EV 77.5 MPH)
|
Top of the 2nd over - 0 runs, 1 hit, 0 errors, 1 left on base; Lexington 0 - Lake County 15 |
BOTTOM OF THE 2ND |
Lake County Captains batting - Pitching for Lexington Legends : RHP Bryan Alfaro
|
Batting: LHB Costodio Varino
|
0-0: Ball 1-0: Ball 2-0: Ball 3-0: Called Strike 3-1: Base on Balls
|
Batting: RHB Steve Gusman
|
0-0: Called Strike 0-1: Ball 1-1: Called Strike 1-2: Fielders Choice at 2nd, 5-4 (Groundball, 56, EV 78.8 MPH)
|
Batting: LHB Nate Trahan
|
0-0: Foul Ball, location: 2F 0-1: Swinging Strike Balk! Steve Gusman to second 0-2: Foul Ball, location: 2F 0-2: SINGLE (Groundball, 56D, EV 96.9 MPH) Steve Gusman to third Throwing error, E7 Steve Gusman scores Nate Trahan to second
|
Batting: RHB Antonio Gamez
|
0-0: Hit by Pitch
|
Batting: RHB Zach Shaughnessy
|
0-0: Ball 1-0: Swinging Strike 1-1: Called Strike 1-2: Ball 2-2: Ball Wild Pitch! Nate Trahan to third Antonio Gamez to second 3-2: Base on Balls
|
Batting: RHB Kenzo Shinoda
|
0-0: Called Strike 0-1: GRAND SLAM HOME RUN (Flyball, 7D, EV 98.8 MPH), Distance : 381 ft
|
Batting: SHB Arturo Baez
|
0-0: SINGLE (Flyball, 56D, EV 90.0 MPH)
|
Batting: SHB Travis Burnett
|
0-0: Hit by Pitch Arturo Baez to second
|
Batting: RHB Carlos Abrego
|
0-0: Ball 1-0: Ball 2-0: Ball 3-0: Base on Balls Arturo Baez to third Travis Burnett to second
|
Batting: LHB Costodio Varino
|
0-0: GRAND SLAM HOME RUN (Flyball, 9D, EV 97.5 MPH), Distance : 394 ft
|
Batting: RHB Steve Gusman
|
0-0: Ground out 4-3 (Groundball, 4, EV 89.4 MPH)
|
Batting: LHB Nate Trahan
|
0-0: Fly out, F3 (Line Drive, 3, EV 66.9 MPH)
|
Bottom of the 2nd over - 9 runs, 4 hits, 1 error, 0 left on base; Lexington 0 - Lake County 24 |
TOP OF THE 3RD |
Lexington Legends batting - Pitching for Lake County Captains : LHP Victor Garcia
|
Batting: RHB Nate Mumaw
|
0-0: Ball 1-0: Swinging Strike 1-1: Swinging Strike 1-2: Strikes out looking
|
Batting: RHB Grant Conlon
|
0-0: Called Strike 0-1: Swinging Strike 0-2: Strikes out swinging
|
Batting: RHB Doug Carter
|
0-0: Ball 1-0: Ball 2-0: Foul Ball, location: 2F 2-1: Foul Ball, location: 2F 2-2: Strikes out swinging
|
Top of the 3rd over - 0 runs, 0 hits, 0 errors, 0 left on base; Lexington 0 - Lake County 24 |
BOTTOM OF THE 3RD |
Lake County Captains batting - Pitching for Lexington Legends : RHP Bryan Alfaro
|
Batting: RHB Antonio Gamez
|
0-0: SINGLE (Line Drive, 5D, EV 102.5 MPH)
|
Batting: RHB Zach Shaughnessy
|
0-0: Foul Ball, location: 2F 0-1: SINGLE (Groundball, 34D, EV 105.0 MPH) Antonio Gamez to second
|
Batting: RHB Kenzo Shinoda
|
0-0: Ball 1-0: Ball 2-0: Ball 3-0: Base on Balls Antonio Gamez to third Zach Shaughnessy to second
|
Batting: SHB Arturo Baez
|
0-0: SINGLE (Line Drive, 7S, EV 98.1 MPH) Antonio Gamez scores Zach Shaughnessy to third Kenzo Shinoda to second
|
Batting: SHB Travis Burnett
|
Balk! Zach Shaughnessy scores Kenzo Shinoda to third Arturo Baez to second 0-0: Fly out, F9 (Flyball, 9LM, EV 85.6 MPH) Runner from 3rd tags up, SCORES, no throw by RF
|
Batting: RHB Carlos Abrego
|
0-0: Ball 1-0: Ground out 6-3 (Groundball, 6, EV 91.2 MPH) Arturo Baez to third
|
Batting: LHB Costodio Varino
|
0-0: Foul Ball, location: 2F 0-1: Swinging Strike 0-2: Strikes out looking
|
Bottom of the 3rd over - 3 runs, 3 hits, 0 errors, 1 left on base; Lexington 0 - Lake County 27 |
TOP OF THE 4TH |
Lexington Legends batting - Pitching for Lake County Captains : LHP Victor Garcia
|
Batting: RHB Kunimatsu Oya
|
0-0: Ball 1-0: Ball 2-0: Foul Ball, location: 2F 2-1: Foul Ball, location: 2F 2-2: Strikes out swinging
|
Batting: RHB Eric Davis
|
0-0: Ball 1-0: Ball 2-0: Ground out 4-3 (Groundball, 4, EV 83.1 MPH)
|
Batting: LHB Robert Wilkins
|
0-0: Ball 1-0: Swinging Strike 1-1: Ball 2-1: Ball 3-1: Foul Ball, location: 2F 3-2: Ground out 6-3 (Groundball, 6S, EV 85.6 MPH)
|
Top of the 4th over - 0 runs, 0 hits, 0 errors, 0 left on base; Lexington 0 - Lake County 27 |
BOTTOM OF THE 4TH |
Lake County Captains batting - Pitching for Lexington Legends : RHP Bryan Alfaro
|
Batting: RHB Steve Gusman
|
0-0: Fly out, F8 (Line Drive, 8RD, EV 91.2 MPH)
|
Batting: LHB Nate Trahan
|
0-0: Called Strike 0-1: Fly out, F2 (Popup, 23F, EV 81.9 MPH)
|
Batting: RHB Antonio Gamez
|
0-0: Ground out 4-3 (Groundball, 4S, EV 87.5 MPH)
|
Bottom of the 4th over - 0 runs, 0 hits, 0 errors, 0 left on base; Lexington 0 - Lake County 27 |
TOP OF THE 5TH |
Lexington Legends batting - Pitching for Lake County Captains : LHP Victor Garcia
|
Batting: SHB Dan Langston
|
0-0: Swinging Strike 0-1: Reached on error, E4 (Groundball, 4, EV 83.1 MPH)
|
Batting: RHB Pete Deschamps
|
0-0: Ball 1-0: Called Strike 1-1: Swinging Strike 1-2: Strikes out swinging
|
Batting: RHB Ben Garrett
|
0-0: Ball 1-0: Called Strike 1-1: Ball 2-1: Swinging Strike 2-2: Strikes out swinging
|
Batting: RHB Nate Mumaw
|
0-0: Called Strike 0-1: Ball 1-1: Ball 2-1: SINGLE (Groundball, 4D, EV 103.8 MPH) Dan Langston to third Runner from 3rd tries for Home, SAFE, throw by CF to home Nate Mumaw to second
|
Batting: RHB Grant Conlon
|
0-0: Called Strike 0-1: Ball 1-1: Swinging Strike 1-2: Ground out 4-3 (Groundball, 34, EV 86.9 MPH)
|
Top of the 5th over - 1 run, 1 hit, 1 error, 1 left on base; Lexington 1 - Lake County 27 |
BOTTOM OF THE 5TH |
Lake County Captains batting - Pitching for Lexington Legends : RHP Bryan Alfaro
|
Batting: RHB Zach Shaughnessy
|
0-0: Ball 1-0: Called Strike 1-1: Fly out, F3 (Line Drive, 3, EV 70.6 MPH)
|
Batting: RHB Kenzo Shinoda
|
0-0: Ball 1-0: Ball 2-0: Ball 3-0: Base on Balls
|
Batting: SHB Arturo Baez
|
0-0: Swinging Strike 0-1: Ball 1-1: Ball Balk! Kenzo Shinoda to second 2-1: Ball 3-1: Called Strike 3-2: Base on Balls
|
Batting: SHB Travis Burnett
|
0-0: Fly out, F8 (Flyball, 8LM, EV 81.2 MPH)
|
Batting: RHB Carlos Abrego
|
0-0: Ball Wild Pitch! Kenzo Shinoda to third Arturo Baez to second 1-0: Fly out, F8 (Flyball, 8LD, EV 86.2 MPH)
|
Bottom of the 5th over - 0 runs, 0 hits, 0 errors, 2 left on base; Lexington 1 - Lake County 27 |
TOP OF THE 6TH |
Lexington Legends batting - Pitching for Lake County Captains : LHP Victor Garcia
|
Batting: RHB Doug Carter
|
0-0: Ball 1-0: Ball 2-0: Called Strike 2-1: Called Strike 2-2: Foul Ball, location: 2F 2-2: Strikes out swinging
|
Batting: RHB Kunimatsu Oya
|
0-0: Ball 1-0: Ball 2-0: Ball 3-0: Foul Ball, location: 2F 3-1: Foul Ball, location: 2F 3-2: Strikes out swinging
|
Batting: RHB Eric Davis
|
0-0: Ball 1-0: Ball 2-0: Ball 3-0: Base on Balls
|
Batting: LHB Robert Wilkins
|
0-0: Ball 1-0: Called Strike 1-1: Ball Wild Pitch! Eric Davis to second 2-1: Called Strike 2-2: Ball 3-2: Foul Ball, location: 2F 3-2: Strikes out looking
|
Top of the 6th over - 0 runs, 0 hits, 0 errors, 1 left on base; Lexington 1 - Lake County 27 |
BOTTOM OF THE 6TH |
Lake County Captains batting - Pitching for Lexington Legends : RHP Bryan Alfaro
|
Batting: LHB Costodio Varino
|
0-0: Ball 1-0: Ball 2-0: Fly out, F8 (Line Drive, 8LM, EV 110.0 MPH)
|
Batting: RHB Steve Gusman
|
0-0: Ground out 4-3 (Groundball, 34D, EV 85.0 MPH)
|
Batting: LHB Nate Trahan
|
0-0: Fly out, F5 (Flyball, 5D, EV 80.0 MPH)
|
Bottom of the 6th over - 0 runs, 0 hits, 0 errors, 0 left on base; Lexington 1 - Lake County 27 |
TOP OF THE 7TH |
Lexington Legends batting - Pitching for Lake County Captains : LHP Victor Garcia
|
Batting: SHB Dan Langston
|
0-0: Called Strike 0-1: Swinging Strike 0-2: Ball 1-2: Foul Ball, location: 2F 1-2: Foul Ball, location: 2F 1-2: Ball 2-2: Foul Ball, location: 2F 2-2: Foul Ball, location: 2F 2-2: Ball 3-2: Foul Ball, location: 2F 3-2: Base on Balls
|
Pitching: RHP Tim bin Fadi
|
|
Batting: RHB Pete Deschamps
|
0-0: Foul Ball, location: 2F 0-1: Foul Ball, location: 2F 0-2: Strikes out swinging
|
Batting: RHB Ben Garrett
|
0-0: Called Strike 0-1: Swinging Strike 0-2: Ball 1-2: Strikes out looking
|
Batting: RHB Nate Mumaw
|
0-0: SINGLE (Line Drive, 56, EV 95.6 MPH) Dan Langston to second
|
Batting: RHB Grant Conlon
|
0-0: Called Strike 0-1: Ball 1-1: Called Strike 1-2: Foul Ball, location: 2F 1-2: Foul Ball, location: 2F 1-2: Ball 2-2: Foul Ball, location: 2F 2-2: Foul Ball, location: 2F 2-2: Reached on error, E6 (Groundball, 6, EV 106.2 MPH) Dan Langston to third Nate Mumaw to second
|
Batting: RHB Doug Carter
|
0-0: Ball 1-0: Ball 2-0: Called Strike 2-1: Swinging Strike 2-2: Strikes out looking
|
Top of the 7th over - 0 runs, 1 hit, 1 error, 3 left on base; Lexington 1 - Lake County 27 |
BOTTOM OF THE 7TH |
Lake County Captains batting - Pitching for Lexington Legends : RHP Bryan Alfaro
|
Batting: RHB Antonio Gamez
|
0-0: SINGLE (Groundball, 15S, EV 63.8 MPH) (infield hit)
|
Batting: RHB Zach Shaughnessy
|
Pickoff Throw to First - Error! E1 Antonio Gamez to second 0-0: Called Strike 0-1: Ball 1-1: Ground out 6-3 (Groundball, 6, EV 108.8 MPH)
|
Batting: RHB Kenzo Shinoda
|
0-0: Called Strike 0-1: Fly out, F7 (Flyball, 7, EV 85.0 MPH)
|
Batting: SHB Arturo Baez
|
0-0: Ball 1-0: Foul Ball, location: 2F 1-1: Ball 2-1: TRIPLE (Flyball, 89XD, EV 101.9 MPH) Antonio Gamez scores
|
Batting: SHB Travis Burnett
|
0-0: SINGLE (Groundball, 56, EV 98.8 MPH) Arturo Baez scores
|
Batting: RHB Carlos Abrego
|
0-0: Fielders Choice at 2nd, 6-4 (Groundball, 56, EV 93.8 MPH)
|
Bottom of the 7th over - 2 runs, 3 hits, 1 error, 1 left on base; Lexington 1 - Lake County 29 |
TOP OF THE 8TH |
Lexington Legends batting - Pitching for Lake County Captains : RHP Tim bin Fadi
|
Batting: RHB Kunimatsu Oya
|
0-0: Called Strike 0-1: Ball 1-1: Foul Ball, location: 2F 1-2: Foul Ball, location: 2F 1-2: Strikes out swinging
|
Batting: RHB Eric Davis
|
0-0: Ball 1-0: Ground out 6-3 (Groundball, 6, EV 105.0 MPH)
|
Batting: LHB Robert Wilkins
|
0-0: Ground out 6-3 (Groundball, 6, EV 105.6 MPH)
|
Top of the 8th over - 0 runs, 0 hits, 0 errors, 0 left on base; Lexington 1 - Lake County 29 |
BOTTOM OF THE 8TH |
Lake County Captains batting - Pitching for Lexington Legends : RHP Bryan Alfaro
|
Batting: LHB Costodio Varino
|
0-0: Ball 1-0: Ball 2-0: Ground out 5-3 (Groundball, 56, EV 107.5 MPH)
|
Batting: RHB Steve Gusman
|
0-0: SINGLE (Flyball, 56D, EV 94.4 MPH)
|
Batting: LHB Nate Trahan
|
0-0: Foul Ball, location: 2F 0-1: Ball 1-1: Foul Ball, location: 2F 1-2: Fly out, F9 (Flyball, 9LM, EV 91.9 MPH)
|
Batting: RHB Antonio Gamez
|
0-0: Called Strike 0-1: Fly out, F3 (Line Drive, 3, EV 70.6 MPH)
|
Bottom of the 8th over - 0 runs, 1 hit, 0 errors, 1 left on base; Lexington 1 - Lake County 29 |
TOP OF THE 9TH |
Lexington Legends batting - Pitching for Lake County Captains : RHP Tim bin Fadi
|
Batting: SHB Dan Langston
|
0-0: Ball 1-0: Ball 2-0: Ball 3-0: Base on Balls
|
Pitching: RHP Mario del Rio
|
|
Batting: RHB Pete Deschamps
|
0-0: Foul Ball, location: 2F 0-1: Swinging Strike 0-2: Ball 1-2: Strikes out looking
|
Batting: RHB Ben Garrett
|
0-0: Ball 1-0: Foul Ball, location: 2F 1-1: Swinging Strike 1-2: Foul Ball, location: 2F 1-2: Strikes out swinging
|
Batting: RHB Nate Mumaw
|
0-0: Foul Ball, location: 2F 0-1: Called Strike 0-2: Ball 1-2: Ball 2-2: Strikes out swinging
|
Top of the 9th over - 0 runs, 0 hits, 0 errors, 1 left on base; Lexington 1 - Lake County 29 |
|